 Dungeon Crawl Stone Soup version 0.21.1-1-g345015f (webtiles) character file.

161 letownia2 the Charmwright (level 5, 0/43 HPs)
             Began as a Gnoll Skald on Feb 27, 2018.
             Killed by divine providence
             ... invoked by an orc priest
              (10 damage)
             ... on level 4 of the Dungeon.
             The game lasted 00:03:14 (577 turns).

letownia2 the Charmwright (Gnoll Skald)              Turns: 577, Time: 00:03:14

Health: 0/43       AC:  3    Str: 14    XL:     5   Next: 42%
Magic:  4/12       EV: 14    Int: 16    God:
Gold:   78         SH:  0    Dex: 14    Spells: 3/14 levels left

rFire    . . .     SeeInvis .   a - +0 spear
rCold    . . .     Gourm    .   (no shield)
rNeg     . . .     Faith    .   b - +0 leather armour
rPois    .         Spirit   .   (no helmet)
rElec    .         Reflect  .   (no cloak)
rCorr    .         Harm     .   (no gloves)
MR       .....                  (no boots)
Stlth    ++........             (no amulet)
HPRegen  0.14/turn              (no ring)
MPRegen  0.13/turn              (no ring)

@: shrouded, very slightly contaminated
A: distributed training, fangs 1, strong nose
a: no special abilities


You were on level 4 of the Dungeon.
You were not hungry.

You visited 1 branch of the dungeon, and saw 4 of its levels.

You collected 78 gold pieces.

Inventory:

Hand Weapons
 a - a +0 spear (weapon)
 e - a +1 short sword of venom
Missiles
 f - 4 curare-tipped needles
 j - 9 bolts
Armour
 b - a +0 leather armour (worn)
Scrolls
 i - 2 scrolls of identify {unknown}
 l - a scroll of immolation {unknown}
Potions
 g - a potion of heal wounds {unknown}
 h - a potion of curing {unknown}
 k - a potion of might {unknown}
Books
 c - a book of Battle

   Spells                             Type                      Level
   a - Infusion                       Charms                       1
   b - Shroud of Golubria             Charms/Translocation         2
   c - Song of Slaying                Charms                       2
   d - Spectral Weapon                Hexes/Charms                 3
   e - Regeneration                   Charms/Necromancy            3
Comestibles
 d - 7 rations


   Skills:
 + Level 4.8 Fighting
 + Level 1.4 Short Blades
 + Level 1.4 Long Blades
 + Level 1.4 Axes
 + Level 1.4 Maces & Flails
 + Level 4.8 Polearms
 + Level 1.4 Staves
 + Level 1.4 Slings
 + Level 1.4 Bows
 + Level 1.4 Crossbows
 + Level 1.4 Throwing
 + Level 3.0 Armour
 + Level 4.8 Dodging
 + Level 1.4 Stealth
 + Level 1.4 Shields
 + Level 1.4 Unarmed Combat
 + Level 5.2 Spellcasting
 + Level 1.1 Conjurations
 + Level 1.1 Hexes
 + Level 5.5 Charms
 + Level 1.1 Summonings
 + Level 1.1 Necromancy
 + Level 1.1 Translocations
 + Level 1.1 Transmutations
 + Level 1.1 Fire Magic
 + Level 1.1 Ice Magic
 + Level 1.1 Air Magic
 + Level 1.1 Earth Magic
 + Level 1.1 Poison Magic
 + Level 1.6 Invocations
 + Level 1.4 Evocations


You had 3 spell levels left.
You knew the following spells:

 Your Spells              Type           Power        Failure   Level  Hunger
a - Infusion              Chrm           ###.         1%          1    None
g - Regeneration          Chrm/Necr      ##........   14%         3    ###....
l - Song of Slaying       Chrm           ###.....     2%          2    #......
t - Shroud of Golubria    Chrm/Tloc      ##........   7%          2    #......
x - Spectral Weapon       Hex/Chrm       ##......     14%         3    ###....


Dungeon Overview and Level Annotations

Branches:
Dungeon (4/15)
 Temple: D:4-7

Altars:
Nemelex Xobeh


Innate Abilities, Weirdness & Mutations

Your experience applies equally to all skills.
You have very sharp teeth.
Your uncanny sense of smell can sniff out nearby items.


Message History

An orc comes into view. It is wielding a club.
Casting: Shroud of Golubria
Confirm with . or Enter, or press ? or * to list all spells.
You draw out your weapon's spirit!
The orc shouts!
The orc priest calls down the wrath of Beogh upon you.
Beogh smites you!
The orc priest calls down the wrath of Beogh upon you.
Beogh smites you!
* * * LOW HITPOINT WARNING * * *
Unknown command.
Unknown command.
Casting: Spectral Weapon
Confirm with . or Enter, or press ? or * to list all spells.
You miscast Regeneration.
You are very lightly contaminated with residual magic.
Your skin tingles.
The orc priest calls down the wrath of Beogh upon you.
Beogh smites you!
You die...

#^.^.....^##..#
...#### #..#.....#
#.'#.#.#+ ##..#.oo..#
###..#..###...#.....+
....###.......#.o...#
.#............#..o..#
.#...####....##.....#
.#.### #....##.....#
.#.. #....##.@...#
.#.# #....##.(...###
.### #...........).#
...# ###...........#
...# #...........#
.#.# #...........#
.###
....#............ ..
....#.############
.## ....#.#


You could see 2 orc priests, 2 orcs and a friendly spectral spear.

Vanquished Creatures
  An ogre (D:4)
  An iguana (D:4)
  A worker ant (D:4)
  A dart slug (D:1)
  An orc (D:4)
  6 bats
  3 giant cockroaches
  3 goblins (D:1)
  2 hobgoblins (D:1)
  A kobold (D:1)
  2 frilled lizards
  3 rats
25 creatures vanquished.

Vanquished Creatures (others)
  2 spectral weapons (D:4)
2 creatures vanquished.

Grand Total: 27 creatures vanquished

Notes
Turn   | Place    | Note
-------+----------+-------------------------------------------
     0 | D:1      | letownia2 the Gnoll Skald began the quest for the Orb.
     0 | D:1      | Reached XP level 1. HP: 20/20 MP: 6/6
    67 | D:1      | Reached XP level 2. HP: 26/26 MP: 5/7
   115 | D:1      | Learned a level 2 spell: Song of Slaying
   118 | D:1      | Learned a level 2 spell: Shroud of Golubria
   280 | D:3      | Reached XP level 3. HP: 30/31 MP: 9/9
   300 | D:3      | Learned a level 3 spell: Regeneration
   304 | D:3      | Learned a level 3 spell: Spectral Weapon
   321 | D:4      | Reached skill level 5 in Spellcasting
   321 | D:4      | Reached skill level 1 in Invocations
   346 | D:4      | Noticed an ogre
   352 | D:4      | Reached skill level 1 in Short Blades
   352 | D:4      | Reached skill level 1 in Long Blades
   352 | D:4      | Reached skill level 1 in Axes
   352 | D:4      | Reached skill level 1 in Maces & Flails
   352 | D:4      | Reached skill level 1 in Staves
   352 | D:4      | Reached skill level 1 in Slings
   352 | D:4      | Reached skill level 1 in Bows
   352 | D:4      | Reached skill level 1 in Crossbows
   352 | D:4      | Reached skill level 1 in Throwing
   352 | D:4      | Reached skill level 1 in Stealth
   352 | D:4      | Reached skill level 1 in Shields
   352 | D:4      | Reached skill level 1 in Unarmed Combat
   352 | D:4      | Reached skill level 1 in Evocations
   361 | D:4      | Killed an ogre
   361 | D:4      | Reached skill level 1 in Conjurations
   361 | D:4      | Reached skill level 1 in Hexes
   361 | D:4      | Reached skill level 1 in Summonings
   361 | D:4      | Reached skill level 1 in Necromancy
   361 | D:4      | Reached skill level 1 in Translocations
   361 | D:4      | Reached skill level 1 in Transmutations
   361 | D:4      | Reached skill level 1 in Fire Magic
   361 | D:4      | Reached skill level 1 in Ice Magic
   361 | D:4      | Reached skill level 1 in Air Magic
   361 | D:4      | Reached skill level 1 in Earth Magic
   361 | D:4      | Reached skill level 1 in Poison Magic
   361 | D:4      | Reached XP level 4. HP: 26/38 MP: 1/11
   361 | D:4      | Reached XP level 5. HP: 30/43 MP: 1/12
   386 | D:4      | Found a sparkling altar of Nemelex Xobeh.
   577 | D:4      | Killed from afar by an orc priest

Skill      XL: |  1  2  3  4  5 |
---------------+----------------+-----
Spellcasting   | 5 |  5.2
Invocations    | 1 |  1.6
Short Blades   | 1 |  1.4
Long Blades    | 1 |  1.4
Axes           | 1 |  1.4
Maces & Flails | 1 |  1.4
Staves         | 1 |  1.4
Slings         | 1 |  1.4
Bows           | 1 |  1.4
Crossbows      | 1 |  1.4
Throwing       | 1 |  1.4
Stealth        | 1 |  1.4
Shields        | 1 |  1.4
Unarmed Combat | 1 |  1.4
Evocations     | 1 |  1.4
Conjurations   | 1 |  1.1
Hexes          | 1 |  1.1
Summonings     | 1 |  1.1
Necromancy     | 1 |  1.1
Translocations | 1 |  1.1
Transmutations | 1 |  1.1
Fire Magic     | 1 |  1.1
Ice Magic      | 1 |  1.1
Air Magic      | 1 |  1.1
Earth Magic    | 1 |  1.1
Poison Magic   | 1 |  1.1
Armour         | 3 |  3.0
Fighting       | |  4.8
Polearms       | |  4.8
Dodging        | |  4.8
Charms         | |  5.5

Action                   |  1- 3 |  4- 6 || total
-------------------------+-------+-------++-------
Melee: Spear             |    74 |    14 ||    88
       Bite              |    10 |     2 ||    12
 Cast: Infusion          |     2 |       ||     2
       Shroud of Golubri |     4 |     3 ||     7
       Spectral Weapon   |     1 |     2 ||     3
       Regeneration      |     1 |       ||     1
       Song of Slaying   |     1 |       ||     1
Armor: Leather armour    |    12 |       ||    12
Dodge: Dodged            |    38 |     7 ||    45
